 Dungeon Crawl Stone Soup version 0.23.2-40-g277498a001 (webtiles) character file.

Game seed: 10248190525779529159

1694 FishyPogo the Magician (level 8, 0/41 HPs)
             Began as a Deep Elf Fire Elementalist on Sept 22, 2019.
             Was a Believer of Sif Muna.
             Killed from afar by an electric eel (7 damage)
             ... with a bolt of electricity
             ... on level 6 of the Dungeon on Sept 26, 2019.
             The game lasted 00:20:47 (6316 turns).

FishyPogo the Magician (Deep Elf Fire Elementalist) Turns: 6316, Time: 00:20:47

Health: 0/41       AC:  4    Str:  5    XL:     8   Next: 72%
Magic:  19/20      EV: 16    Int: 23    God:    Sif Muna [**....]
Gold:   302        SH:  0    Dex: 15    Spells: 8/21 levels left

rFire    + . .     SeeInvis .   a - staff of fire
rCold    . . .     Gourm    .   (no shield)
rNeg     . . .     Faith    .   t - +0 robe
rPois    .         Spirit   .   (no helmet)
rElec    .         Reflect  .   (no cloak)
rCorr    .         Harm     .   u - +0 pair of gloves
MR       .....                  s - +0 pair of boots
Stlth    ++........             (no amulet)
HPRegen  0.13/turn              (no ring)
MPRegen  0.17/turn              (no ring)

@: no status effects
A: no striking features
a: Divine Energy, Renounce Religion


You were on level 6 of the Dungeon.
You worshipped Sif Muna.
Sif Muna was pleased with you.
You were not hungry.

You visited 1 branch of the dungeon, and saw 6 of its levels.

You collected 302 gold pieces.

Inventory:

Hand Weapons
 b - a +1 dagger of draining
Missiles
 i - 226 stones (quivered)
 j - 4 tomahawks
Armour
 s - a +0 pair of boots (worn)
 t - a +0 robe (worn)
 u - a +0 pair of gloves (worn)
Magical Staves
 a - an uncursed staff of fire (weapon)
Jewellery
 p - an uncursed ring of ice
 y - an uncursed ring of protection from magic {unknown}
Wands
 f - a wand of flame (11)
Scrolls
 d - 11 scrolls of identify {unknown}
 e - 2 scrolls of teleportation {unknown}
 g - a scroll of remove curse {unknown}
 h - a scroll of amnesia {unknown}
 k - a scroll of magic mapping {unknown}
 q - a scroll of fog {unknown}
Potions
 l - a potion of mutation {unknown}
 m - a potion of might
 n - a potion of lignification {unknown}
 o - 2 potions of magic {unknown}
 r - 3 potions of flight {unknown}
 v - 2 potions of heal wounds {unknown}
 w - a potion of resistance {unknown}
 x - a potion of haste {unknown}
 A - a potion of curing {unknown}
Comestibles
 c - 8 rations
 z - a chunk of flesh


   Skills:
 + Level 6.3 Dodging
 - Level 3.0 Stealth
 + Level 7.1 Spellcasting
 + Level 5.3 Conjurations
 * Level 5.8 Hexes
 + Level 6.6 Fire Magic


You had 8 spell levels left.
You knew the following spells:

 Your Spells              Type           Power        Failure   Level  Hunger
a - Flame Tongue          Conj/Fire      #####        1%          1    None
b - Throw Flame           Conj/Fire      ######       1%          2    None
c - Sticky Flame          Conj/Fire      ######..     6%          4    ###....
d - Conjure Flame         Conj/Fire      ######..     1%          3    None
e - Confuse               Hex            #####...     1%          3    None

Your spell library contained the following spells:

 Spells                   Type           Power        Failure   Level  Hunger
 Confusing Touch          Hex            #####.       1%          1    None
 Inner Flame              Hex/Fire       ######..     1%          3    None
 Fireball                 Conj/Fire      ######....   19%         5    #####..
 Gell's Gravitas          Tloc           #.........   22%         3    None
 Metabolic Englaciation   Hex/Ice        ###.......   54%         5    #####..
 Yara's Violent Unravell  Hex/Tmut       ###.......   54%         5    #####..
 Petrify                  Tmut/Erth      #.......     58%         4    ###....


Dungeon Overview and Level Annotations

Branches:
Dungeon (6/15)             Temple (0/1) D:5

Altars:
Fedhas
Gozag
Sif Muna
Wu Jian
The Shining One


Message History

Aim: a bullfrog zombie (almost destroyed)
You feel a surge of power!
The flame tongue hits the bullfrog zombie!
You destroy the bullfrog zombie!
Sif Muna accepts your kill.
Found a stone staircase leading up.
A worker ant and an electric eel come into view.
The electric eel shoots out a bolt of lightning at you!
The bolt of electricity misses you. The worker ant bites you.
The worker ant closely misses you.
The electric eel shoots out a bolt of lightning at you!
The bolt of electricity hits you!
* * * LOW HITPOINT WARNING * * *
The worker ant misses you.
Some of the chunks of flesh in your inventory have rotted away.
There is a stone staircase leading up here.
The worker ant closely misses you.
The electric eel shoots out a bolt of lightning at you!
The bolt of electricity hits you!
You die...

######.##.####...
########.##.####... .
.........##........
..
.#######.######....
.. ###.######.... ..
#............. #.
####.######...
#..########.######...
#...@a...........'...
##......$...######...
#...#......# ####
.......#......# .
#.#.........^.# .#
.≈.≈≈≈≈≈≈.≈...≈≈. ≈≈
.≈≈≈≈≈≈≈;≈≈≈≈.≈≈≈≈ ≈≈
≈≈♣♣♣≈≈≈♣♣♣≈.≈♣♣♣ ≈≈♣
≈≈ ♣≈≈≈ ♣≈≈≈♣


You could see a worker ant and an electric eel.

Vanquished Creatures
  A water moccasin (D:5)
  An ice beast (D:5)
  A black bear (D:6)
  A phantom (D:4)
  A sky beast (D:5)
  3 ogres
  A centaur (D:5)
  A water moccasin skeleton (D:5)
  A scorpion (D:4)
  3 howler monkeys
  A bullfrog zombie (D:6)
  2 hounds
  4 orc priests
  3 orc wizards
  Natasha (thrice) (D:2)
  3 iguanas
  3 worker ants
  6 adders
  An adder zombie (D:2)
  An adder skeleton (D:4)
  3 worms
  3 dart slugs
  4 leopard geckos
  15 orcs
  4 ball pythons
  A bat skeleton (D:2)
  A bat zombie (D:2)
  5 giant cockroaches
  5 hobgoblins
  4 jackals (D:4)
  3 quokkas
  4 bats
  4 frilled lizards
  4 goblins
  3 kobolds
  A leopard gecko zombie (D:2)
  A quokka skeleton (D:2)
  7 rats
113 creatures vanquished.

Notes
Turn   | Place    | Note
-------+----------+-------------------------------------------
     0 | D:1      | FishyPogo the Deep Elf Fire Elementalist began the quest
                  | for the Orb.
     0 | D:1      | Reached XP level 1. HP: 10/10 MP: 6/6
   352 | D:1      | Reached XP level 2. HP: 15/15 MP: 6/8
   356 | D:1      | Learned a level 2 spell: Throw Flame
   668 | D:2      | Found an opulent altar of Gozag.
   952 | D:2      | Reached XP level 3. HP: 14/19 MP: 1/9
   992 | D:2      | Noticed Natasha
  1517 | D:2      | Reached XP level 4. HP: 24/24 MP: 9/11
  1756 | D:2      | Killed Natasha
  1903 | D:2      | Found an opulent altar of Gozag.
  1931 | D:2      | Noticed Natasha
  1937 | D:2      | Killed Natasha
  1937 | D:2      | Reached skill level 4 in Spellcasting
  2243 | D:2      | Noticed Natasha
  2252 | D:2      | Killed Natasha
  2252 | D:2      | Reached XP level 5. HP: 20/28 MP: 6/13
  2732 | D:3      | Found a deep blue altar of Sif Muna.
  2732 | D:3      | Found a glowing golden altar of the Shining One.
  2735 | D:3      | Became a worshipper of Sif Muna the Loreminder
  3277 | D:4      | Noticed a phantom
  3286 | D:4      | Killed a phantom
  3286 | D:4      | Reached skill level 5 in Spellcasting
  3286 | D:4      | Reached skill level 5 in Fire Magic
  3286 | D:4      | Reached XP level 6. HP: 25/32 MP: 7/15
  3302 | D:4      | Learned a level 4 spell: Sticky Flame
  3576 | D:4      | Reached * piety under Sif Muna
  3655 | D:4      | Reached XP level 7. HP: 36/36 MP: 8/17
  3749 | D:4      | Reached skill level 5 in Dodging
  3908 | D:4      | Learned a level 3 spell: Conjure Flame
  3912 | D:4      | Learned a level 3 spell: Confuse
  4092 | D:4      | Reached skill level 1 in Hexes
  4185 | D:4      | Found a blossoming altar of Fedhas.
  4511 | D:5      | Entered Level 5 of the Dungeon
  4512 | D:5      | Found a staircase to the Ecumenical Temple.
  4515 | D:5      | Reached skill level 6 in Spellcasting
  4647 | D:5      | Found an ornate altar of the Wu Jian Council.
  4732 | D:5      | HP: 1/36 [ice beast (12)]
  5029 | D:5      | Reached XP level 8. HP: 41/41 MP: 13/19
  5249 | D:5      | Reached ** piety under Sif Muna
  5502 | D:5      | Reached skill level 5 in Conjurations
  6072 | D:6      | Reached skill level 5 in Hexes
  6097 | D:6      | Reached skill level 7 in Spellcasting
  6316 | D:6      | Killed from afar by an electric eel

Skill      XL: |  1  2  3  4  5  6  7  8 |
---------------+-------------------------+-----
Fire Magic     | 4 5 6 |  6.6
Stealth        | 3 |  3.0
Dodging        | 3 4 5 6 |  6.3
Conjurations   | 2 3 4 5 |  5.3
Spellcasting   | 4 5 6 7 |  7.1
Hexes          | 3 5 |  5.8

Action                   |  1- 3 |  4- 6 |  7- 9 || total
-------------------------+-------+-------+-------++-------
Melee: Short sword       |     4 |     6 |       ||    10
       Staff             |       |       |     2 ||     2
       Dagger            |       |       |    64 ||    64
Throw: Stone             |       |       |     1 ||     1
 Cast: Flame Tongue      |    64 |   100 |   118 ||   282
       Throw Flame       |     5 |     2 |     5 ||    12
       Sticky Flame      |       |     2 |     3 ||     5
       Confuse           |       |       |     8 ||     8
 Stab: Sleeping          |     1 |     1 |     1 ||     3
  Eat: Chunk             |     2 |     3 |     2 ||     7
       Ration            |       |     1 |     2 ||     3
Armor: Robe              |     1 |    14 |    25 ||    40
Dodge: Dodged            |     7 |    45 |    90 ||   142
